 Dungeon Crawl Stone Soup version 0.31-a0-177-g4aa6249778 (webtiles) character file.

Game seed: 9129204840374962305

135 qw the Shooter (level 5, 0/49 HPs)
             Began as a Naga Hunter on June 18, 2023.
             Slain by Edmund
             ... wielding a +4 flail of holy wrath
              (5 damage)
             ... on level 4 of the Dungeon.
             The game lasted 00:00:43 (1853 turns).

qw the Shooter (Naga Hunter)                        Turns: 1853, Time: 00:00:43

Health: 0/49       AC:  4    Str: 19    XL:     5   Next: 18%
Magic:  5/5        EV:  9    Int:  9    God:
Gold:   146        SH:  0    Dex: 17    Spells: 4/4 levels left

rFire   . . .        Y - +3 shortbow
rCold   . . .        (shield currently unavailable)
rNeg    . . .        c - +0 leather armour
rPois   +            e - +0 helmet
rElec   .            (no cloak)
rCorr   .            (no gloves)
SInv    +            (no barding)
Will    .....        (no amulet)
Stlth   ++           a - +6 ring of strength
HPRegen 0.28/turn    (no ring)
MPRegen 0.09/turn

%: no passive effects
@: about to teleport, very slow
A: AC +1, large, see invisible, deformed body, poison resistance, slowness 2,
spit poison 1, naga tail 1
a: Spit Poison


You were on level 4 of the Dungeon.
You visited 1 branch of the dungeon, and saw 4 of its levels.

You collected 276 gold pieces.
You spent 130 gold pieces at shops.


Innate Abilities, Weirdness & Mutations

Your serpentine skin is tough. (AC +1)
You have supernaturally acute eyesight. (SInv)
Armour fits poorly on your strangely shaped body.
Your system is resistant to poisons. (rPois)
You cover ground very slowly.
You can spit poison.
You have a snake-like lower body.


   Skills:
 - Level 3.0 Fighting
 + Level 5.3 Ranged Weapons
 - Level 1.5 Dodging
 - Level 1.5 Stealth


You had 4 spell levels left.
You didn't know any spells.
Your spell library was empty.

Inventory:

Hand Weapons
 Y - a +3 shortbow (weapon)
Armour
 c - a +0 leather armour (worn)
 e - a +0 helmet (worn)
Jewellery
 a - a +6 ring of strength (left hand)
Scrolls
 b - a scroll of teleportation
 i - a scroll of identify
Potions
 d - 2 potions of heal wounds
 f - a potion of haste
 h - a potion of enlightenment
 l - a potion of curing

Dungeon Overview and Level Annotations

Branches:
Dungeon (4/15)
 Temple: D:4-7

Altars:

Shops:
D:2 [*=?

Annotations:
D:4 Edmund


Message History

You shoot an arrow.
The arrow hits Edmund but does no damage.
Edmund is lightly wounded.
You have got your breath back.
1845 ||| INVOKING Spit Poison.
Aiming: Spit Poison (1% risk of failure)
Press: ? - help, Shift-Dir - straight line, f/p - Edmund The splash of poison hits Edmund.
Edmund is lightly wounded.
Edmund hits you with a +4 flail of holy wrath.
You shoot an arrow.
The arrow hits Edmund but does no damage.
Edmund is lightly wounded.
Edmund hits you with a +4 flail of holy wrath!
You shoot an arrow.
The arrow hits Edmund but does no damage.
Edmund is lightly wounded.
Edmund closely misses you.
You shoot an arrow. The arrow hits Edmund!
Edmund is moderately wounded.
Edmund hits you with a +4 flail of holy wrath.
You shoot an arrow. The arrow barely misses Edmund.
Edmund hits you with a +4 flail of holy wrath. x2
You shoot an arrow. The arrow hits Edmund!
Edmund is heavily wounded.
Edmund looks more healthy.
Edmund hits you with a +4 flail of holy wrath!
You shoot an arrow. The arrow closely misses Edmund.
You have got your breath back.
Edmund hits you with a +4 flail of holy wrath.
1852 ||| INVOKING Spit Poison.
Aiming: Spit Poison (1% risk of failure)
Press: ? - help, Shift-Dir - straight line, f/p - Edmund You fail to use your ability.
Edmund hits you with a +4 flail of holy wrath!
1853 ||| READING 2 scrolls of teleportation.
As you read the scroll of teleportation, it crumbles to dust.
You feel strangely unstable.
Edmund hits you with a +4 flail of holy wrath.
You die...

#...# ...........
#...# ......)...
#...#
#.........######...#
..................#
#.... ............#
... ............ #@#
#......#.## #@#
##+#......# #.#
#.........
#.#########.###..#
#.#...............
#.#.######%#######
#.#.##..?.........
#..........#######
###.##.#.....#
#.##.#.###.#


You could see Edmund.

Vanquished Creatures
  Terence (D:3)
  An orc wizard (D:3)
  2 adders
  2 worms (D:2)
  3 dart slugs (D:2)
  5 orcs (D:3)
  4 ball pythons (D:1)
  4 bats
  5 endoplasms
  A giant cockroach (D:1)
  5 hobgoblins (D:1)
  2 jackals (D:2)
  A quokka (D:4)
  A frilled lizard (D:3)
  3 goblins
  8 kobolds
  2 rats
50 creatures vanquished.

Notes
Turn   | Place    | Note
-------+----------+-------------------------------------------
     0 | D:1      | qw the Naga Hunter began the quest for the Orb.
     0 | D:1      | Reached XP level 1. HP: 19/19 MP: 1/1
     0 | D:1      | 0 ||| qw: Version: 0.3-a-5-g6f28e65
     0 | D:1      | 0 ||| qw: Game counter: 616
     0 | D:1      | 0 ||| qw: Always use a shield: true
     0 | D:1      | 0 ||| qw: God list: Okawaru
     0 | D:1      | 0 ||| qw: Allow faded altars: false
     0 | D:1      | 0 ||| qw: Do Orc after D:15 true
     0 | D:1      | 0 ||| qw: Do second Lair branch before Depths: true
     0 | D:1      | 0 ||| qw: Lair rune preference: random
     0 | D:1      | 0 ||| qw: Plans: Normal
     0 | D:1      | 0 ||| PLANNING D:1-11
    52 | D:1      | 52 ||| INVOKING Spit Poison.
   141 | D:1      | 141 ||| INVOKING Spit Poison.
   167 | D:1      | 167 ||| INVOKING Spit Poison.
   168 | D:1      | Reached skill level 4 in Ranged Weapons
   168 | D:1      | Reached XP level 2. HP: 26/26 MP: 2/2
   201 | D:1      | 201 ||| INVOKING Spit Poison.
   217 | D:1      | 217 ||| INVOKING Spit Poison.
   222 | D:1      | 222 ||| INVOKING Spit Poison.
   454 | D:1      | 454 ||| INVOKING Spit Poison.
   458 | D:1      | 458 ||| INVOKING Spit Poison.
   469 | D:1      | 469 ||| INVOKING Spit Poison.
   493 | D:1      | 493 ||| INVOKING Spit Poison.
   604 | D:1      | 604 ||| READING scroll labelled GYTIACZIKYPI.
   608 | D:1      | 608 ||| READING scroll labelled UNOKIANI JONOLO.
   609 | D:1      | 609 ||| READING scroll labelled KYENUC AFRAIF.
   610 | D:1      | 610 ||| READING scroll labelled KAHI IXEJAYW.
   611 | D:1      | 611 ||| DROPPING scroll of butterflies.
   626 | D:2      | 626 ||| INVOKING Spit Poison.
   627 | D:2      | 627 ||| STAIRDANCE
   681 | D:2      | Identified the +1 quarterstaff of Infinity {protect, Int+2}
   709 | D:2      | Found Dunif's Jewellery Shop.
   710 | D:2      | Found Zoni's Magic Scroll Shoppe.
   712 | D:2      | 712 ||| INVOKING Spit Poison.
   715 | D:2      | Reached XP level 3. HP: 32/32 MP: 3/3
   721 | D:2      | 721 ||| SHOPLISTING +4 ring of protection (396 gold, have
                  | 111).
   721 | D:2      | 721 ||| SHOPLISTING +6 ring of dexterity (396 gold, have
                  | 111).
   721 | D:2      | 721 ||| SHOPLISTING ring of protection from cold (275 gold,
                  | have 111).
   723 | D:2      | 723 ||| INVOKING Spit Poison.
   741 | D:2      | 741 ||| READING scroll of enchant weapon.
   741 | D:2      | 741 ||| ENCHANTING +1 shortbow.
   746 | D:2      | 746 ||| INVOKING Spit Poison.
   748 | D:2      | 748 ||| BUYING scroll of identify (22 gold).
   748 | D:2      | Bought a scroll of identify for 22 gold pieces
   748 | D:2      | 748 ||| BUYING scroll of identify (22 gold).
   748 | D:2      | Bought a scroll of identify for 22 gold pieces
   748 | D:2      | 748 ||| BUYING scroll of identify (22 gold).
   748 | D:2      | Bought a scroll of identify for 22 gold pieces
   748 | D:2      | 748 ||| BUYING scroll of identify (22 gold).
   748 | D:2      | Bought a scroll of identify for 22 gold pieces
   748 | D:2      | 748 ||| BUYING scroll of identify (22 gold).
   748 | D:2      | Bought a scroll of identify for 22 gold pieces
   811 | D:2      | 811 ||| READING scroll of enchant weapon.
   811 | D:2      | 811 ||| ENCHANTING +2 shortbow.
   836 | D:2      | 836 ||| INVOKING Spit Poison.
   841 | D:2      | Found Kaonalik's Assorted Antiques.
   853 | D:2      | 853 ||| SHOPLISTING runed sling (90 gold, have 35).
   853 | D:2      | 853 ||| BUYING scroll labelled OFUKKOMEPE (20 gold).
   853 | D:2      | Bought a scroll labelled OFUKKOMEPE for 20 gold pieces
   853 | D:2      | 853 ||| SHOPLISTING scroll of teleportation (60 gold, have
                  | 15).
   853 | D:2      | 853 ||| SHOPLISTING sedimented green potion (18 gold, have
                  | 15).
   853 | D:2      | 853 ||| SHOPLISTING sedimented orange potion (18 gold, have
                  | 15).
   857 | D:2      | Found Odeish's Book Shoppe.
   881 | D:2      | 881 ||| INVOKING Spit Poison.
   995 | D:2      | 995 ||| INVOKING Spit Poison.
  1045 | D:2      | 1045 ||| INVOKING Spit Poison.
  1123 | D:2      | Reached skill level 5 in Ranged Weapons
  1132 | D:2      | Found Arghaitu's Armour Boutique.
  1181 | D:2      | 1181 ||| READING scroll labelled OFUKKOMEPE.
  1182 | D:2      | 1182 ||| READING scroll labelled CULUNUPHOCK.
  1283 | D:2      | 1283 ||| DRINKING 2 black potions.
  1284 | D:2      | 1284 ||| READING 7 scrolls of identify.
  1284 | D:2      | 1284 ||| IDENTIFYING lumpy amethyst potion
  1285 | D:2      | 1285 ||| READING 6 scrolls of identify.
  1285 | D:2      | 1285 ||| IDENTIFYING inky potion
  1286 | D:2      | 1286 ||| READING 5 scrolls of identify.
  1286 | D:2      | 1286 ||| IDENTIFYING golden potion
  1287 | D:2      | 1287 ||| READING 4 scrolls of identify.
  1287 | D:2      | 1287 ||| IDENTIFYING sedimented purple potion
  1288 | D:2      | 1288 ||| READING 3 scrolls of identify.
  1288 | D:2      | 1288 ||| IDENTIFYING bubbling grey potion
  1289 | D:2      | 1289 ||| READING 2 scrolls of identify.
  1289 | D:2      | 1289 ||| IDENTIFYING ruby potion
  1290 | D:2      | 1290 ||| DROPPING potion of attraction.
  1291 | D:2      | 1291 ||| DROPPING potion of degeneration.
  1292 | D:2      | 1292 ||| DROPPING potion of magic.
  1293 | D:2      | 1293 ||| DROPPING potion of brilliance.
  1312 | D:3      | 1312 ||| INVOKING Spit Poison.
  1313 | D:3      | Reached XP level 4. HP: 39/39 MP: 4/4
  1344 | D:3      | 1344 ||| INVOKING Spit Poison.
  1386 | D:3      | 1386 ||| INVOKING Spit Poison.
  1394 | D:3      | 1394 ||| INVOKING Spit Poison.
  1396 | D:3      | Reached skill level 3 in Fighting
  1416 | D:3      | 1416 ||| INVOKING Spit Poison.
  1496 | D:3      | Noticed Terence
  1498 | D:3      | 1498 ||| INVOKING Spit Poison.
  1500 | D:3      | Killed Terence
  1501 | D:3      | Reached XP level 5. HP: 49/49 MP: 5/5
  1690 | D:3      | 1690 ||| UPGRADING to +0 helmet.
  1695 | D:3      | 1695 ||| UPGRADING to +6 ring of strength.
  1696 | D:3      | 1696 ||| READING 2 scrolls of identify.
  1696 | D:3      | 1696 ||| IDENTIFYING sedimented green potion
  1841 | D:4      | Noticed Edmund
  1842 | D:4      | 1842 ||| INVOKING Spit Poison.
  1845 | D:4      | 1845 ||| INVOKING Spit Poison.
  1852 | D:4      | 1852 ||| INVOKING Spit Poison.
  1852 | D:4      | HP: 5/49 [Edmund/+4 flail of holy wrath (12)]
  1853 | D:4      | 1853 ||| READING 2 scrolls of teleportation.
  1853 | D:4      | Slain by Edmund

Levels and vault maps discovered:
D:1:      dpeg_arrival_short_road, layout_basic
D:2:      layout_basic, serial_shops, nicolae_shop_statue_plus, shop, shop,
          nicolae_shop_tiny_real_fake_doors, nicolae_shop_getting_attention,
          grunt_ministairs_3
D:3:      layout_rooms, uniq_terence
D:4:      layout_basic, xom_butterflies, uniq_menkaure, uniq_edmund

Skill      XL: |  1  2  3  4 |
---------------+-------------+-----
Ranged Weapons | 4 5 |  5.3
Fighting       | 3 |  3.0
Dodging        | |  1.5
Stealth        | |  1.5

Action                     |  1- 3 |  4- 6 || total
---------------------------+-------+-------++-------
   Fire: Shortbow          |    53 |    33 ||    86
Ability: Spit Poison       |    19 |     7 ||    26
    Use: Scroll            |    14 |     2 ||    16
         Potion            |     1 |       ||     1
 Armour: Leather armour    |     3 |       ||     3
  Dodge: Dodged            |     7 |     1 ||     8

Table legend:
 A = Non-vault XP
 B = Vault XP
 C = Vault XP percentage of total XP
 D = Non-vault monster count
 E = Vault monster count
 F = Vault count percentage of total count
                 A         B        C        D         E       F
            +---------+---------+-------+---------+---------+-------
      Total |     143 |      50 |  25.9 |      47 |       3 |   6.0
            +---------+---------+-------+---------+---------+-------
        D:1 |      33 |       0 |   0.0 |      20 |       0 |   0.0
        D:2 |      34 |      14 |  29.2 |      12 |       2 |  14.3
        D:3 |      74 |      36 |  32.7 |      14 |       1 |   6.7
        D:4 |       2 |       0 |   0.0 |       1 |       0 |   0.0
            +---------+---------+-------+---------+---------+-------
